 Dungeon Crawl Stone Soup version 0.17-a0-1515-gfae3d72 (webtiles) character file.

53 wvc the Magician (level 3, 0/19 HPs)
             Began as a Vine Stalker Wizard on July 13, 2015.
             Was an Initiate of Ashenzari.
             Slain by a shadow imp (3 damage)
             ... summoned by Natasha
             ... on level 2 of the Dungeon.
             The game lasted 00:04:29 (1438 turns).

wvc the Magician (Vine Stalker Wizard)              Turns: 1438, Time: 00:04:30

Health: 0/19       AC:  3    Str: 10    XL:     3   Next: 89%
Magic:  0/8        EV:  8    Int: 18    God:    Ashenzari [......]
Gold:   54         SH:  6    Dex: 12    Spells: 3 memorised, 3 levels left

rFire  . . .     SeeInvis .     o - +2 short sword (drain)
rCold  . . .     Clarity  .     k - +0 leather armour
rNeg   . . .     SustAt   .     l - +0 shield (curse)
rPois  .         Gourm    .     b - +0 hat (curse)
rElec  .         Spirit   +     (no cloak)
rCorr  .         Warding  .     (no gloves)
rMut   .         Stasis   .     (no boots)
MR     .....                    (no amulet)
Stlth  ++........               (no ring)
                                (no ring)

@: repel missiles, not resistant to hostile enchantments, unstealthy
A: fangs 2, regeneration 1, magic shield, antimagic bite, no device heal 3, rot
immunity
a: Renounce Religion


You were on level 2 of the Dungeon.
You worshipped Ashenzari.
Ashenzari was noncommittal.
You were not hungry.

You visited 1 branch of the dungeon, and saw 2 of its levels.

You collected 54 gold pieces.

Inventory:

Hand weapons
 o - a +2 short sword of draining (weapon)
Armour
 b - a cursed +0 hat (worn)
 k - a +0 leather armour (worn)
 l - a cursed +0 shield (worn)
Magical devices
 h - a wand of frost (24)
Scrolls
 e - a scroll of curse armour
 f - a scroll of identify {unknown}
 j - a scroll of blinking {unknown}
Potions
 a - a potion of might {unknown}
 g - a potion of flight {unknown}
 i - 2 potions of heal wounds {unknown}
 m - a potion of curing {unknown}
 n - a potion of ambrosia {unknown}
Books
 c - a book of Minor Magic

   Spells                             Type                      Level
   a - Magic Dart                     Conjuration                  1
   b - Blink                          Translocation                2
   c - Call Imp                       Summoning                    2
   d - Repel Missiles                 Charms/Air                   2
   e - Slow                           Hexes                        2
   f - Conjure Flame                  Conjuration/Fire             3
   g - Mephitic Cloud                 Conjuration/Poison/Air       3
Comestibles
 d - 2 bread rations
 p - 3 chunks of flesh


   Skills:
 * Level 2.7 Fighting
 + Level 0.4 Armour
 - Level 1.5 Dodging
 - Level 2.4 Stealth
 - Level 3.2 Spellcasting
 - Level 1.0 Conjurations
 + Level 0.2 Charms
   Level 1.0 Summonings
 + Level 1.0 Translocations
 + Level 0.2 Air Magic


You had 3 spell levels left.
You knew the following spells:

 Your Spells              Type           Power        Failure   Level  Hunger
a - Magic Dart            Conj           #...         92%         1    None
b - Blink                 Tloc           N/A          98%         2    ##.....
c - Repel Missiles        Chrm/Air       #.....       99%         2    ##.....


Dungeon Overview and Level Annotations

Branches:
Dungeon (2/15)

Altars:
Ashenzari

Annotations:
D:2 Natasha


Innate Abilities, Weirdness & Mutations

You have extremely sharp teeth.
Your natural rate of healing is unusually fast.
When hurt, damage is shared between your health and your magic reserves.
Your bite disrupts and absorbs the magic of your enemies.
Potions and wands cannot restore your health.
You are immune to rotting.


Message History

Natasha mewls in sadness.
Natasha claws you.
The shadow imp hits you but does no damage.
You hit Natasha. You drain Natasha!
Natasha is moderately wounded.
You block Natasha's attack. You block the shadow imp's attack.
You hit Natasha but do no damage.
Natasha is moderately wounded.
Natasha mumbles some strange words.
The shadow imp hits you.
You hit Natasha.
Natasha is severely wounded.
Natasha claws you. The shadow imp hits you.
You closely miss Natasha.
Natasha is severely wounded.
Natasha stares at you and mumbles some strange words.
The magic dart hits you!
* * * LOW HITPOINT WARNING * * *
The shadow imp hits you.
You die...

#####.# #.######......')....
....#.# #.............######
.##.#.# ...............'.#
.##.#.# ..>............#.####
.##.#.##### ########.#######.....
.##.#.#...# #.....##.# #.....
.##.#.#.#####.....##.#######.....
......).#.........'...().........
..#.#...# ##..5@.#.########.####
..#.#...#.....5h..#...#. ..#...
#.#.#...#.........###.#.######.##
........#.........###.#..........
#.#.#.#.#.#+#####.#........###...
#.#.#...# ##+#.#+####.# #...
..#.....# #........# #.# #...
#######.# #........# #.# #...
........# #........# #.# +...


You could see Natasha and 2 shadow imps.

Vanquished Creatures
  Terence (D:2)
  A worm (D:2)
  A giant gecko (D:1)
  2 bats
  4 giant cockroaches
  2 goblins (D:1)
  A hobgoblin (D:1)
  A quokka (D:2)
  A ball python (D:2)
  3 giant newts (D:1)
  3 kobolds (D:1)
  7 rats
27 creatures vanquished.

Notes
Turn   | Place    | Note
--------------------------------------------------------------
     0 | D:1      | wvc the Vine Stalker Wizard began the quest for the Orb.
     0 | D:1      | Reached XP level 1. HP: 9/9 MP: 5/5
    66 | D:1      | Reached skill level 1 in Fighting
   176 | D:1      | Reached XP level 2. HP: 14/14 MP: 2/7
  1016 | D:2      | Found a shattered altar of Ashenzari.
  1027 | D:2      | Learned a level 2 spell: Blink
  1030 | D:2      | Learned a level 2 spell: Repel Missiles
  1033 | D:2      | Became a worshipper of Ashenzari the Shackled
  1334 | D:2      | Reached XP level 3. HP: 16/18 MP: 6/8
  1413 | D:2      | Noticed Terence
  1422 | D:2      | Killed Terence
  1432 | D:2      | Noticed Natasha
  1438 | D:2      | Slain by a shadow imp

Vault maps used:
D:1:      elethiomel_arrival_shortcut, hangedman_decor_points
D:2:      overflow_temple_1_default, nicolae_ru_the_path_less_chosen,
          first_bread, uniq_natasha, uniq_jessica, uniq_terence

Action                   || total
-------------------------++-------
Melee: Unarmed           ||     4
       Dagger            ||    59
       Short sword       ||    20
 Cast: Magic Dart        ||    28
       Repel Missiles    ||     1
  Use: Scroll            ||     2
 Stab: Sleeping          ||     5
  Eat: Chunk             ||     2
